[ AOE2 MATCH · #483315814 ]
Team RMSicilians vs Slavs
[ REPLAY ANALYSIS · EXTRACTED FROM THE RECORDED GAME ]
Feudal
11:19
Castle
16:04
Imperial
31:19
| APM avg | 43.1 |
| APM peak | 79 |
| eAPM avg | 24.2 |
| Villagers / military | 170 / 136 |
Focus
⚔️ 32.1% · 🌾 67.9%
Spearman ×92 · Serjeant ×33 · Mangonel ×11
Feudal
10:53
Castle
15:10
Imperial
29:00
| APM avg | 26.5 |
| APM peak | 52 |
| eAPM avg | 15.0 |
| Villagers / military | 126 / 63 |
Focus
⚔️ 24.1% · 🌾 75.9%
Longbowman ×37 · Spearman ×15 · Mangonel ×6 · Trebuchet (Packed) ×5
Feudal
11:08
Castle
15:14
Imperial
30:02
| APM avg | 33.8 |
| APM peak | 92 |
| eAPM avg | 17.3 |
| Villagers / military | 133 / 121 |
Focus
⚔️ 28.5% · 🌾 71.5%
Boyar ×96 · Battering Ram ×20 · Scout Cavalry ×3 · Monk ×2
Feudal
12:15
Castle
18:44
Imperial
30:37
| APM avg | 13.9 |
| APM peak | 56 |
| eAPM avg | 11.0 |
| Villagers / military | 111 / 222 |
Focus
⚔️ 26.1% · 🌾 73.9%
Knight ×176 · Scout Cavalry ×42 · Petard ×4
Feudal
9:24
Castle
13:44
Imperial
35:39
| APM avg | 24.2 |
| APM peak | 73 |
| eAPM avg | 14.9 |
| Villagers / military | 123 / 20 |
Focus
⚔️ 34.1% · 🌾 65.9%
Unknown (1908) ×32 · Skirmisher ×18 · Iron Pagoda ×2
Feudal
9:32
Castle
13:23
Imperial
38:20
| APM avg | 40.0 |
| APM peak | 102 |
| eAPM avg | 15.9 |
| Villagers / military | 193 / 178 |
Focus
⚔️ 24.3% · 🌾 75.7%
Scorpion ×97 · Spearman ×48 · Battering Ram ×33
Feudal
12:58
Castle
16:21
Imperial
31:55
| APM avg | 33.1 |
| APM peak | 90 |
| eAPM avg | 20.8 |
| Villagers / military | 162 / 238 |
Focus
⚔️ 24.8% · 🌾 75.2%
Spearman ×156 · Knight ×57 · Camel Scout ×25
Feudal
11:23
Castle
14:22
Imperial
29:26
| APM avg | 40.0 |
| APM peak | 70 |
| eAPM avg | 20.2 |
| Villagers / military | 165 / 120 |
Focus
⚔️ 19.7% · 🌾 80.3%
Knight ×96 · Scout Cavalry ×15 · Trebuchet (Packed) ×6 · Monk ×3
Match map
Initial resources + every placement click. Lines = walls · curves = elevation contours. ◆ gold · ⬟ stone · ● berries · ✦ relic · ◌ wall gap
Your base· ✓ Closed at 16:04 · 0t walls · 2 gate(s)
高老头子's base· ✓ Closed at 15:10 · 0t walls · 2 gate(s)
Dynasty's base· ✓ Closed at 15:14 · 0t walls · 2 gate(s)
ju@mpi's base· ✓ Closed at 18:44 · 0t walls · 2 gate(s)
送外卖偷偷加小佐料's base· ✓ Closed at 13:44 · 0t walls · 2 gate(s)
蒙古铁骑's base· ✓ Closed at 13:23 · 0t walls · 2 gate(s)
Longlonglong's base· ✓ Closed at 16:21 · 0t walls · 3 gate(s)
justdoing's base· ✓ Closed at 14:22 · 0t walls · 2 gate(s)
Smoothed initial terrain · ◌ = detected wall gap · hover for details
Inputs per minute
— zack - - 高老头子
Build order — zack
First 150 of 487 actions detected
| 0:02 | Build | House |
| 0:04 | Build | House |
| 0:06 | Create | Villager (Male) |
| 0:06 | Create | Villager (Male) |
| 0:07 | Create | Villager (Male) |
| 0:07 | Create | Villager (Male) |
| 0:07 | Create | Villager (Male) |
| 1:33 | Create | Villager (Male) |
| 1:34 | Create | Villager (Male) |
| 1:53 | Build | Lumber Camp |
| 2:07 | Create | Villager (Male) |
| 2:08 | Create | Villager (Male) |
| 2:08 | Create | Villager (Male) |
| 2:28 | Create | Villager (Male) |
| 2:28 | Create | Villager (Male) |
| 2:55 | Create | Villager (Male) |
| 2:56 | Create | Villager (Male) |
| 3:09 | Create | Villager (Male) |
| 3:39 | Build | Mill |
| 4:05 | Build | House |
| 4:09 | Create | Villager (Male) |
| 4:09 | Create | Villager (Male) |
| 4:09 | Create | Villager (Male) |
| 4:09 | Create | Villager (Male) |
| 4:56 | Create | Villager (Male) |
| 5:08 | Create | Villager (Male) |
| 5:29 | Create | Villager (Male) |
| 5:40 | Create | Villager (Male) |
| 6:17 | Create | Villager (Male) |
| 6:23 | Build | House |
| 6:44 | Create | Villager (Male) |
| 6:45 | Create | Villager (Male) |
| 7:54 | Create | Villager (Male) |
| 7:59 | Create | Villager (Male) |
| 8:32 | Create | Villager (Male) |
| 8:57 | Build | Mining Camp |
| 9:04 | Research | Feudal Age |
| 9:46 | Create | Villager (Male) |
| 9:47 | Create | Villager (Male) |
| 9:54 | Build | House |
| 9:55 | Build | House |
| 11:12 | Build | Farm |
| 11:14 | Build | Farm |
| 11:17 | Build | Farm |
| 11:19 | Age | Feudal Age |
| 11:22 | Build | Farm |
| 11:30 | Build | Blacksmith |
| 11:35 | Build | Market |
| 11:40 | Create | Villager (Male) |
| 11:41 | Create | Villager (Male) |
| 11:42 | Create | Villager (Male) |
| 11:58 | Build | Farm |
| 11:59 | Build | Farm |
| 12:36 | Build | House |
| 12:48 | Research | Castle Age |
| 13:16 | Research | Double-Bit Axe |
| 13:29 | Build | Farm |
| 13:30 | Build | Farm |
| 13:36 | Research | Horse Collar |
| 13:53 | Build | Farm |
| 15:06 | Create | Villager (Male) |
| 15:06 | Create | Villager (Male) |
| 15:23 | Build | Barracks |
| 15:56 | Create | Villager (Male) |
| 16:04 | Age | Castle Age |
| 16:10 | Build | Town Center |
| 16:19 | Build | Town Center |
| 16:25 | Build | Farm |
| 16:54 | Create | Villager (Male) |
| 17:03 | Create | Villager (Male) |
| 17:11 | Create | Villager (Male) |
| 17:11 | Create | Villager (Male) |
| 17:38 | Build | Siege Workshop |
| 17:43 | Create | Villager (Male) |
| 17:49 | Create | Villager (Male) |
| 17:50 | Create | Villager (Male) |
| 17:51 | Create | Villager (Male) |
| 17:51 | Create | Villager (Male) |
| 17:52 | Build | Farm |
| 17:55 | Create | Villager (Male) |
| 17:58 | Create | Villager (Male) |
| 18:09 | Create | Mangonel |
| 18:28 | Create | Villager (Male) |
| 18:29 | Create | Villager (Male) |
| 19:25 | Build | Siege Workshop |
| 19:28 | Create | Villager (Male) |
| 19:28 | Create | Villager (Male) |
| 19:29 | Create | Villager (Male) |
| 19:29 | Create | Villager (Male) |
| 19:29 | Create | Villager (Male) |
| 19:29 | Create | Villager (Male) |
| 19:33 | Build | Farm |
| 19:36 | Build | Farm |
| 19:37 | Build | Farm |
| 19:40 | Build | Farm |
| 19:51 | Create | Villager (Male) |
| 19:56 | Create | Mangonel |
| 20:02 | Build | Farm |
| 20:04 | Build | Farm |
| 20:09 | Create | Villager (Male) |
| 20:20 | Build | Farm |
| 20:21 | Build | Farm |
| 20:32 | Build | Gate |
| 20:38 | Create | Villager (Male) |
| 20:39 | Create | Villager (Male) |
| 20:48 | Build | House |
| 20:52 | Build | House |
| 20:56 | Create | Villager (Male) |
| 21:11 | Research | Bow Saw |
| 21:13 | Build | Lumber Camp |
| 21:30 | Build | Gate |
| 21:34 | Build | Stone Wall |
| 21:38 | Create | Villager (Male) |
| 21:44 | Research | Stone Mining |
| 21:49 | Research | Gold Mining |
| 21:56 | Build | Farm |
| 21:57 | Build | Farm |
| 21:58 | Build | Farm |
| 22:00 | Create | Villager (Male) |
| 22:03 | Create | Villager (Male) |
| 22:03 | Create | Villager (Male) |
| 22:09 | Build | Lumber Camp |
| 22:14 | Create | Villager (Male) |
| 22:14 | Create | Villager (Male) |
| 22:17 | Create | Villager (Male) |
| 22:17 | Create | Villager (Male) |
| 22:25 | Build | Farm |
| 22:27 | Build | Farm |
| 22:28 | Build | Farm |
| 22:29 | Create | Villager (Male) |
| 22:30 | Create | Villager (Male) |
| 22:36 | Build | Stone Wall |
| 23:00 | Create | Villager (Male) |
| 23:01 | Create | Villager (Male) |
| 23:01 | Create | Villager (Male) |
| 23:01 | Create | Villager (Male) |
| 23:05 | Build | House |
| 23:07 | Build | House |
| 23:20 | Build | Farm |
| 23:20 | Build | Farm |
| 23:42 | Build | House |
| 23:43 | Build | House |
| 23:46 | Build | House |
| 23:47 | Build | House |
| 23:48 | Build | House |
| 23:49 | Build | House |
| 23:50 | Build | House |
| 23:51 | Build | House |
| 23:55 | Create | Villager (Male) |
| 23:55 | Create | Villager (Male) |
Build order — 高老头子
First 150 of 322 actions detected
| 0:03 | Create | Villager (Male) |
| 0:03 | Create | Villager (Male) |
| 0:03 | Create | Villager (Male) |
| 0:06 | Build | House |
| 0:08 | Build | House |
| 0:17 | Create | Villager (Male) |
| 0:17 | Create | Villager (Male) |
| 1:19 | Create | Villager (Male) |
| 1:20 | Create | Villager (Male) |
| 2:01 | Create | Villager (Male) |
| 2:01 | Create | Villager (Male) |
| 2:26 | Create | Villager (Male) |
| 2:27 | Create | Villager (Male) |
| 2:39 | Create | Villager (Male) |
| 3:01 | Build | Lumber Camp |
| 3:12 | Create | Villager (Male) |
| 3:12 | Create | Villager (Male) |
| 3:13 | Create | Villager (Male) |
| 3:29 | Build | House |
| 3:32 | Build | House |
| 4:28 | Create | Villager (Male) |
| 4:28 | Create | Villager (Male) |
| 4:28 | Create | Villager (Male) |
| 5:26 | Create | Villager (Male) |
| 5:46 | Create | Villager (Male) |
| 5:47 | Create | Villager (Male) |
| 5:47 | Create | Villager (Male) |
| 5:47 | Create | Villager (Male) |
| 6:22 | Build | Mill |
| 7:53 | Create | Villager (Male) |
| 7:53 | Create | Villager (Male) |
| 8:29 | Build | Mining Camp |
| 8:40 | Research | Feudal Age |
| 9:38 | Build | House |
| 10:08 | Build | Farm |
| 10:16 | Build | Farm |
| 10:32 | Build | Farm |
| 10:45 | Build | Farm |
| 10:47 | Create | Villager (Male) |
| 10:47 | Create | Villager (Male) |
| 10:51 | Create | Villager (Male) |
| 10:53 | Age | Feudal Age |
| 11:02 | Build | Market |
| 11:17 | Build | Farm |
| 11:31 | Build | Blacksmith |
| 12:30 | Research | Castle Age |
| 12:37 | Build | House |
| 12:40 | Build | House |
| 12:56 | Research | Double-Bit Axe |
| 13:43 | Build | House |
| 13:50 | Create | Villager (Male) |
| 13:51 | Create | Villager (Male) |
| 14:31 | Research | Horse Collar |
| 14:58 | Create | Villager (Male) |
| 14:59 | Create | Villager (Male) |
| 15:10 | Age | Castle Age |
| 15:14 | Build | Siege Workshop |
| 15:20 | Build | Town Center |
| 15:28 | Create | Villager (Male) |
| 15:29 | Create | Villager (Male) |
| 15:42 | Create | Villager (Male) |
| 15:43 | Create | Villager (Male) |
| 15:55 | Build | Town Center |
| 16:03 | Build | Farm |
| 16:08 | Build | Farm |
| 16:10 | Create | Villager (Male) |
| 16:10 | Create | Villager (Male) |
| 16:34 | Build | Farm |
| 16:36 | Create | Villager (Male) |
| 16:37 | Create | Villager (Male) |
| 17:04 | Create | Villager (Male) |
| 17:04 | Create | Villager (Male) |
| 17:32 | Build | Farm |
| 17:36 | Create | Villager (Male) |
| 17:36 | Create | Villager (Male) |
| 17:37 | Create | Villager (Male) |
| 17:45 | Build | Farm |
| 17:46 | Build | Farm |
| 17:47 | Build | Farm |
| 17:49 | Build | Farm |
| 18:09 | Create | Villager (Male) |
| 18:10 | Create | Villager (Male) |
| 18:22 | Build | Farm |
| 18:30 | Build | Farm |
| 18:31 | Build | Farm |
| 18:32 | Build | Farm |
| 18:36 | Create | Villager (Male) |
| 18:36 | Create | Villager (Male) |
| 18:36 | Create | Villager (Male) |
| 19:05 | Create | Villager (Male) |
| 19:05 | Create | Villager (Male) |
| 19:19 | Create | Villager (Male) |
| 19:20 | Create | Villager (Male) |
| 19:30 | Create | Villager (Male) |
| 19:38 | Build | Farm |
| 19:39 | Build | Farm |
| 19:40 | Build | Farm |
| 19:41 | Build | Farm |
| 19:51 | Build | House |
| 19:52 | Build | House |
| 19:53 | Build | House |
| 20:00 | Create | Villager (Male) |
| 20:01 | Create | Villager (Male) |
| 20:02 | Create | Villager (Male) |
| 20:02 | Create | Villager (Male) |
| 20:47 | Create | Villager (Male) |
| 20:47 | Create | Villager (Male) |
| 20:48 | Create | Villager (Male) |
| 20:55 | Build | Farm |
| 20:57 | Build | Farm |
| 20:58 | Build | Farm |
| 21:03 | Create | Villager (Male) |
| 21:04 | Create | Villager (Male) |
| 21:04 | Create | Villager (Male) |
| 21:35 | Build | House |
| 21:36 | Build | House |
| 21:37 | Build | House |
| 21:40 | Create | Villager (Male) |
| 21:40 | Create | Villager (Male) |
| 21:40 | Create | Villager (Male) |
| 21:40 | Create | Villager (Male) |
| 21:41 | Create | Villager (Male) |
| 21:46 | Research | Stone Mining |
| 21:53 | Build | Farm |
| 21:55 | Build | Farm |
| 22:03 | Build | Farm |
| 22:05 | Build | Farm |
| 22:06 | Build | Farm |
| 22:23 | Build | Lumber Camp |
| 22:27 | Create | Villager (Male) |
| 22:27 | Create | Villager (Male) |
| 22:31 | Research | Wheelbarrow |
| 22:32 | Research | Loom |
| 22:52 | Build | Castle |
| 23:00 | Create | Mangonel |
| 23:08 | Create | Villager (Male) |
| 23:08 | Create | Villager (Male) |
| 23:08 | Create | Villager (Male) |
| 23:26 | Build | Mill |
| 23:29 | Create | Villager (Male) |
| 23:30 | Create | Villager (Male) |
| 23:30 | Create | Villager (Male) |
| 23:35 | Build | House |
| 23:36 | Build | House |
| 23:37 | Build | House |
| 23:45 | Build | Farm |
| 23:46 | Build | Farm |
| 23:47 | Build | Farm |
| 23:49 | Build | Farm |
| 23:50 | Build | Farm |
Build order — Dynasty
First 150 of 402 actions detected
| 0:01 | Create | Villager (Male) |
| 0:01 | Create | Villager (Male) |
| 0:02 | Create | Villager (Male) |
| 0:03 | Build | House |
| 0:06 | Build | House |
| 0:21 | Create | Villager (Male) |
| 1:26 | Create | Villager (Male) |
| 2:09 | Create | Villager (Male) |
| 2:10 | Create | Villager (Male) |
| 2:10 | Create | Villager (Male) |
| 2:14 | Build | Lumber Camp |
| 2:42 | Create | Villager (Male) |
| 2:42 | Create | Villager (Male) |
| 2:59 | Create | Villager (Male) |
| 2:59 | Create | Villager (Male) |
| 3:03 | Build | House |
| 3:29 | Create | Villager (Male) |
| 4:31 | Create | Villager (Male) |
| 4:31 | Create | Villager (Male) |
| 4:59 | Build | Mill |
| 5:13 | Create | Villager (Male) |
| 5:13 | Create | Villager (Male) |
| 5:14 | Create | Villager (Male) |
| 5:26 | Build | House |
| 5:35 | Create | Villager (Male) |
| 5:35 | Create | Villager (Male) |
| 5:36 | Create | Villager (Male) |
| 6:24 | Create | Villager (Male) |
| 6:24 | Create | Villager (Male) |
| 6:24 | Create | Villager (Male) |
| 6:36 | Create | Villager (Male) |
| 6:53 | Create | Villager (Male) |
| 6:53 | Create | Villager (Male) |
| 6:53 | Create | Villager (Male) |
| 7:25 | Build | Mining Camp |
| 8:26 | Research | Feudal Age |
| 8:41 | Create | Villager (Male) |
| 8:42 | Create | Villager (Male) |
| 8:48 | Build | House |
| 8:57 | Build | Farm |
| 8:59 | Build | Farm |
| 9:01 | Build | Farm |
| 9:05 | Build | Farm |
| 10:01 | Build | Farm |
| 11:08 | Age | Feudal Age |
| 11:10 | Build | Market |
| 12:01 | Build | Blacksmith |
| 12:06 | Create | Villager (Male) |
| 12:34 | Research | Castle Age |
| 12:37 | Research | Double-Bit Axe |
| 13:04 | Research | Horse Collar |
| 14:14 | Build | Farm |
| 15:14 | Age | Castle Age |
| 15:19 | Build | Town Center |
| 15:26 | Research | Bow Saw |
| 15:40 | Build | Town Center |
| 15:55 | Research | Wheelbarrow |
| 16:34 | Create | Villager (Male) |
| 16:35 | Create | Villager (Male) |
| 16:35 | Create | Villager (Male) |
| 16:43 | Build | Monastery |
| 17:12 | Create | Villager (Male) |
| 17:26 | Create | Villager (Male) |
| 17:26 | Create | Villager (Male) |
| 17:26 | Create | Villager (Male) |
| 17:27 | Create | Villager (Male) |
| 17:27 | Create | Villager (Male) |
| 17:27 | Create | Villager (Male) |
| 17:48 | Create | Villager (Male) |
| 17:50 | Create | Monk |
| 17:52 | Create | Monk |
| 17:53 | Build | House |
| 17:54 | Build | House |
| 17:57 | Create | Villager (Male) |
| 18:01 | Build | Farm |
| 18:02 | Build | Farm |
| 18:04 | Build | Farm |
| 18:19 | Build | Farm |
| 18:35 | Build | Farm |
| 18:36 | Create | Villager (Male) |
| 18:36 | Create | Villager (Male) |
| 18:44 | Build | Farm |
| 18:45 | Create | Villager (Male) |
| 19:02 | Create | Villager (Male) |
| 19:03 | Build | House |
| 19:04 | Build | House |
| 19:10 | Create | Villager (Male) |
| 19:12 | Build | Farm |
| 19:17 | Build | Farm |
| 19:26 | Build | Lumber Camp |
| 19:30 | Create | Villager (Male) |
| 19:30 | Create | Villager (Male) |
| 19:33 | Build | Farm |
| 19:51 | Build | Farm |
| 19:52 | Create | Villager (Male) |
| 20:07 | Build | House |
| 20:08 | Build | House |
| 20:09 | Build | House |
| 20:12 | Build | Farm |
| 20:37 | Create | Villager (Male) |
| 20:37 | Create | Villager (Male) |
| 20:40 | Build | Farm |
| 20:41 | Create | Villager (Male) |
| 20:41 | Create | Villager (Male) |
| 20:42 | Create | Villager (Male) |
| 20:42 | Create | Villager (Male) |
| 20:42 | Create | Villager (Male) |
| 20:45 | Create | Villager (Male) |
| 20:55 | Build | Farm |
| 21:00 | Build | Farm |
| 21:01 | Build | Farm |
| 21:03 | Create | Villager (Male) |
| 21:03 | Create | Villager (Male) |
| 21:09 | Build | Town Center |
| 21:26 | Create | Villager (Male) |
| 21:29 | Research | Heavy Plow |
| 21:33 | Build | Farm |
| 21:37 | Build | House |
| 21:47 | Create | Villager (Male) |
| 21:47 | Create | Villager (Male) |
| 21:50 | Build | Mill |
| 21:54 | Build | Mining Camp |
| 21:56 | Create | Villager (Male) |
| 21:56 | Create | Villager (Male) |
| 21:56 | Create | Villager (Male) |
| 21:57 | Create | Villager (Male) |
| 21:57 | Create | Villager (Male) |
| 22:19 | Create | Villager (Male) |
| 22:20 | Create | Villager (Male) |
| 22:20 | Create | Villager (Male) |
| 22:23 | Create | Villager (Male) |
| 22:27 | Build | Farm |
| 22:29 | Build | Farm |
| 22:30 | Build | Farm |
| 22:33 | Build | Farm |
| 22:35 | Build | Farm |
| 22:39 | Build | Farm |
| 22:41 | Create | Villager (Male) |
| 22:41 | Create | Villager (Male) |
| 22:41 | Create | Villager (Male) |
| 23:08 | Build | Farm |
| 23:09 | Build | Farm |
| 23:11 | Build | Farm |
| 23:16 | Build | Farm |
| 23:19 | Build | House |
| 23:23 | Build | Farm |
| 23:25 | Create | Villager (Male) |
| 23:25 | Create | Villager (Male) |
| 23:25 | Create | Villager (Male) |
| 23:28 | Create | Villager (Male) |
Build order — ju@mpi
First 150 of 332 actions detected
| 0:04 | Research | Loom |
| 0:06 | Create | Villager (Male) |
| 0:06 | Create | Villager (Male) |
| 0:06 | Create | Villager (Male) |
| 0:07 | Create | Villager (Male) |
| 0:07 | Create | Villager (Male) |
| 0:09 | Build | House |
| 0:10 | Build | House |
| 1:58 | Create | Villager (Male) |
| 2:29 | Create | Villager (Male) |
| 2:36 | Create | Villager (Male) |
| 3:04 | Build | Lumber Camp |
| 3:06 | Build | House |
| 3:07 | Build | House |
| 3:15 | Create | Villager (Male) |
| 3:34 | Create | Villager (Male) |
| 3:49 | Create | Villager (Male) |
| 3:56 | Create | Villager (Male) |
| 4:32 | Create | Villager (Male) |
| 5:07 | Create | Villager (Male) |
| 5:21 | Create | Villager (Male) |
| 5:56 | Create | Villager (Male) |
| 6:23 | Create | Villager (Male) |
| 6:37 | Build | House |
| 6:39 | Build | House |
| 6:47 | Build | Mill |
| 6:49 | Create | Villager (Male) |
| 7:34 | Create | Villager (Male) |
| 7:38 | Create | Villager (Male) |
| 8:15 | Create | Villager (Male) |
| 8:40 | Create | Villager (Male) |
| 8:58 | Create | Villager (Male) |
| 9:19 | Build | Mining Camp |
| 9:22 | Create | Villager (Male) |
| 9:29 | Build | Mill |
| 9:56 | Research | Feudal Age |
| 11:44 | Create | Villager (Male) |
| 12:09 | Create | Villager (Male) |
| 12:15 | Age | Feudal Age |
| 12:15 | Research | Double-Bit Axe |
| 12:20 | Build | Market |
| 12:23 | Build | Blacksmith |
| 12:43 | Build | Mining Camp |
| 12:45 | Create | Villager (Male) |
| 13:01 | Build | Farm |
| 13:02 | Build | Farm |
| 13:03 | Build | Farm |
| 13:04 | Build | Farm |
| 13:05 | Build | Farm |
| 13:06 | Build | Farm |
| 13:08 | Build | Farm |
| 13:23 | Create | Villager (Male) |
| 13:46 | Build | House |
| 13:47 | Build | House |
| 13:55 | Build | Barracks |
| 13:58 | Create | Villager (Male) |
| 14:27 | Build | Farm |
| 14:32 | Create | Villager (Male) |
| 15:02 | Build | Farm |
| 15:03 | Create | Villager (Male) |
| 15:31 | Build | Farm |
| 15:32 | Build | Farm |
| 15:33 | Build | Farm |
| 15:35 | Build | Farm |
| 15:56 | Build | Farm |
| 16:04 | Research | Castle Age |
| 16:44 | Research | Stone Mining |
| 16:47 | Research | Gold Mining |
| 17:31 | Research | Wheelbarrow |
| 18:44 | Age | Castle Age |
| 18:48 | Build | Town Center |
| 18:55 | Create | Villager (Male) |
| 19:12 | Research | Bow Saw |
| 19:16 | Research | Gold Shaft Mining |
| 19:18 | Create | Villager (Male) |
| 19:37 | Create | Villager (Male) |
| 19:37 | Create | Villager (Male) |
| 19:42 | Create | Villager (Male) |
| 20:09 | Build | Castle |
| 20:16 | Create | Villager (Male) |
| 20:17 | Create | Villager (Male) |
| 20:30 | Build | Farm |
| 20:33 | Create | Villager (Male) |
| 20:51 | Create | Villager (Male) |
| 20:52 | Create | Villager (Male) |
| 20:54 | Build | Farm |
| 21:08 | Build | Town Center |
| 21:11 | Create | Villager (Male) |
| 21:22 | Build | Farm |
| 21:42 | Create | Villager (Male) |
| 21:45 | Build | Farm |
| 21:46 | Create | Villager (Male) |
| 21:47 | Create | Villager (Male) |
| 22:08 | Build | Farm |
| 22:10 | Create | Villager (Male) |
| 22:12 | Create | Villager (Male) |
| 22:33 | Build | Farm |
| 22:34 | Create | Villager (Male) |
| 22:36 | Create | Villager (Male) |
| 22:39 | Build | Lumber Camp |
| 22:45 | Build | Lumber Camp |
| 22:52 | Create | Villager (Male) |
| 22:59 | Build | Farm |
| 23:06 | Create | Villager (Male) |
| 23:29 | Build | Farm |
| 23:34 | Create | Villager (Male) |
| 23:36 | Create | Villager (Male) |
| 23:37 | Create | Villager (Male) |
| 23:40 | Create | Villager (Male) |
| 23:49 | Build | Farm |
| 23:51 | Build | Farm |
| 23:53 | Create | Villager (Male) |
| 23:54 | Create | Villager (Male) |
| 24:11 | Build | Stable |
| 24:14 | Build | Farm |
| 24:16 | Build | Farm |
| 24:18 | Create | Villager (Male) |
| 24:20 | Create | Villager (Male) |
| 24:40 | Build | Farm |
| 24:43 | Create | Villager (Male) |
| 24:44 | Create | Villager (Male) |
| 24:46 | Build | Farm |
| 24:53 | Build | Stable |
| 24:55 | Build | Stable |
| 25:00 | Create | Villager (Male) |
| 25:01 | Create | Villager (Male) |
| 25:04 | Build | Farm |
| 25:06 | Build | Farm |
| 25:08 | Create | Villager (Male) |
| 25:16 | Build | House |
| 25:17 | Build | House |
| 25:18 | Build | House |
| 25:26 | Create | Villager (Male) |
| 25:27 | Create | Villager (Male) |
| 25:29 | Create | Villager (Male) |
| 25:30 | Build | Farm |
| 25:36 | Build | Farm |
| 25:38 | Create | Villager (Male) |
| 25:52 | Build | Mining Camp |
| 25:54 | Build | Farm |
| 26:05 | Build | Stable |
| 26:10 | Build | Farm |
| 26:12 | Create | Villager (Male) |
| 26:14 | Create | Villager (Male) |
| 26:15 | Create | Villager (Male) |
| 26:18 | Build | Farm |
| 26:23 | Create | Villager (Male) |
| 26:27 | Build | Farm |
| 26:52 | Build | Castle |
| 26:55 | Build | House |
Build order — 送外卖偷偷加小佐料
First 150 of 322 actions detected
| 0:01 | Create | Villager (Male) |
| 0:02 | Create | Villager (Male) |
| 0:02 | Create | Villager (Male) |
| 0:03 | Build | House |
| 0:05 | Build | House |
| 0:48 | Create | Villager (Male) |
| 0:49 | Create | Villager (Male) |
| 1:31 | Create | Villager (Male) |
| 1:31 | Create | Villager (Male) |
| 2:00 | Build | House |
| 2:01 | Build | House |
| 2:07 | Create | Villager (Male) |
| 2:07 | Create | Villager (Male) |
| 2:08 | Create | Villager (Male) |
| 2:08 | Create | Villager (Male) |
| 2:15 | Build | Lumber Camp |
| 2:54 | Create | Villager (Male) |
| 2:55 | Create | Villager (Male) |
| 2:55 | Create | Villager (Male) |
| 3:16 | Create | Villager (Male) |
| 3:16 | Create | Villager (Male) |
| 3:42 | Create | Villager (Male) |
| 4:15 | Create | Villager (Male) |
| 4:15 | Create | Villager (Male) |
| 4:15 | Create | Villager (Male) |
| 4:33 | Create | Villager (Male) |
| 4:34 | Create | Villager (Male) |
| 5:21 | Build | Mill |
| 5:34 | Create | Villager (Male) |
| 5:36 | Create | Villager (Male) |
| 6:06 | Create | Villager (Male) |
| 6:19 | Create | Villager (Male) |
| 7:03 | Research | Feudal Age |
| 7:20 | Create | Villager (Male) |
| 9:13 | Build | House |
| 9:24 | Age | Feudal Age |
| 9:32 | Build | Market |
| 9:44 | Build | Blacksmith |
| 9:49 | Create | Villager (Male) |
| 10:07 | Create | Villager (Male) |
| 10:30 | Create | Villager (Male) |
| 11:03 | Research | Castle Age |
| 11:33 | Build | Mining Camp |
| 12:03 | Research | Stone Mining |
| 12:26 | Research | Loom |
| 12:29 | Create | Villager (Male) |
| 12:29 | Create | Villager (Male) |
| 12:30 | Create | Villager (Male) |
| 12:51 | Create | Villager (Male) |
| 13:38 | Create | Villager (Male) |
| 13:44 | Age | Castle Age |
| 14:35 | Create | Villager (Male) |
| 14:47 | Build | Castle |
| 15:02 | Build | Stone Wall |
| 15:06 | Create | Villager (Male) |
| 15:14 | Build | Siege Workshop |
| 15:31 | Build | Farm |
| 16:08 | Build | Farm |
| 16:20 | Create | Villager (Male) |
| 16:20 | Create | Villager (Male) |
| 16:20 | Create | Villager (Male) |
| 17:02 | Create | Iron Pagoda |
| 17:36 | Build | Farm |
| 18:01 | Create | Villager (Male) |
| 18:02 | Create | Villager (Male) |
| 18:06 | Build | Farm |
| 18:07 | Build | Farm |
| 18:10 | Build | Farm |
| 18:12 | Build | Farm |
| 18:31 | Build | Farm |
| 18:37 | Build | Farm |
| 18:38 | Build | Farm |
| 18:40 | Build | Farm |
| 18:58 | Create | Villager (Male) |
| 18:58 | Create | Villager (Male) |
| 19:09 | Create | Villager (Male) |
| 20:01 | Create | Villager (Male) |
| 20:01 | Create | Villager (Male) |
| 20:01 | Create | Villager (Male) |
| 20:02 | Create | Villager (Male) |
| 20:35 | Create | Villager (Male) |
| 20:45 | Build | Mill |
| 20:46 | Build | Farm |
| 20:47 | Build | Farm |
| 20:48 | Build | Farm |
| 20:57 | Build | Farm |
| 20:58 | Build | Farm |
| 20:59 | Create | Villager (Male) |
| 21:02 | Build | Farm |
| 21:06 | Research | Horse Collar |
| 21:18 | Build | Mining Camp |
| 21:26 | Create | Iron Pagoda |
| 21:43 | Create | Villager (Male) |
| 21:48 | Research | Double-Bit Axe |
| 22:14 | Create | Villager (Male) |
| 22:16 | Research | Gold Mining |
| 22:34 | Research | Heavy Plow |
| 22:34 | Research | Heavy Plow |
| 22:56 | Create | Unit 1908 |
| 23:02 | Create | Villager (Male) |
| 23:21 | Create | Villager (Male) |
| 23:34 | Build | Town Center |
| 23:51 | Create | Villager (Male) |
| 24:17 | Create | Villager (Male) |
| 24:18 | Create | Villager (Male) |
| 24:25 | Build | House |
| 24:26 | Build | House |
| 24:39 | Create | Villager (Male) |
| 24:43 | Create | Villager (Male) |
| 24:43 | Create | Villager (Male) |
| 24:45 | Create | Villager (Male) |
| 25:07 | Build | House |
| 25:08 | Build | House |
| 25:25 | Create | Villager (Male) |
| 25:25 | Create | Villager (Male) |
| 25:33 | Research | Bow Saw |
| 26:01 | Create | Villager (Male) |
| 26:02 | Create | Villager (Male) |
| 26:06 | Build | Farm |
| 26:08 | Build | Farm |
| 26:11 | Build | Farm |
| 26:16 | Build | Farm |
| 26:17 | Build | Mill |
| 26:19 | Build | Farm |
| 26:24 | Build | Farm |
| 26:26 | Create | Villager (Male) |
| 26:29 | Build | Farm |
| 26:33 | Build | Farm |
| 26:34 | Build | Farm |
| 26:36 | Create | Villager (Male) |
| 26:38 | Create | Villager (Male) |
| 26:39 | Create | Villager (Male) |
| 26:45 | Create | Unit 1908 |
| 26:46 | Create | Unit 1908 |
| 26:46 | Create | Unit 1908 |
| 26:46 | Create | Unit 1908 |
| 26:47 | Create | Unit 1908 |
| 26:47 | Create | Unit 1908 |
| 26:47 | Create | Unit 1908 |
| 26:59 | Build | Mill |
| 27:01 | Build | Farm |
| 27:02 | Create | Villager (Male) |
| 27:09 | Build | Farm |
| 27:11 | Create | Villager (Male) |
| 27:19 | Create | Villager (Male) |
| 27:20 | Create | Villager (Male) |
| 27:35 | Build | Barracks |
| 27:39 | Build | Stone Wall |
| 27:43 | Build | Stone Wall |
| 27:53 | Build | Stone Wall |
Build order — 蒙古铁骑
First 150 of 340 actions detected
| 0:01 | Create | Villager (Male) |
| 0:01 | Create | Villager (Male) |
| 0:01 | Create | Villager (Male) |
| 0:02 | Create | Villager (Male) |
| 0:03 | Build | House |
| 0:04 | Build | House |
| 1:22 | Create | Villager (Male) |
| 1:54 | Create | Villager (Male) |
| 1:55 | Create | Villager (Male) |
| 2:03 | Build | Lumber Camp |
| 2:18 | Create | Villager (Male) |
| 2:18 | Create | Villager (Male) |
| 2:18 | Create | Villager (Male) |
| 2:44 | Create | Villager (Male) |
| 2:45 | Create | Villager (Male) |
| 2:45 | Create | Villager (Male) |
| 3:16 | Create | Villager (Male) |
| 3:16 | Create | Villager (Male) |
| 3:42 | Build | Mill |
| 3:47 | Create | Villager (Male) |
| 3:47 | Create | Villager (Male) |
| 4:06 | Build | House |
| 4:24 | Create | Villager (Male) |
| 4:50 | Create | Villager (Male) |
| 5:19 | Create | Villager (Male) |
| 5:19 | Create | Villager (Male) |
| 5:37 | Build | House |
| 6:12 | Create | Villager (Male) |
| 6:51 | Create | Villager (Male) |
| 7:22 | Research | Feudal Age |
| 7:22 | Research | Feudal Age |
| 8:43 | Research | Loom |
| 9:32 | Age | Feudal Age |
| 9:42 | Build | Market |
| 9:48 | Build | Blacksmith |
| 10:03 | Create | Villager (Male) |
| 10:43 | Research | Castle Age |
| 10:43 | Research | Castle Age |
| 10:43 | Research | Castle Age |
| 10:44 | Research | Castle Age |
| 11:09 | Build | House |
| 11:21 | Build | Mining Camp |
| 11:30 | Build | Mining Camp |
| 11:52 | Build | Lumber Camp |
| 12:05 | Create | Villager (Male) |
| 12:05 | Create | Villager (Male) |
| 12:05 | Create | Villager (Male) |
| 12:06 | Create | Villager (Male) |
| 12:06 | Create | Villager (Male) |
| 13:23 | Age | Castle Age |
| 13:26 | Build | Siege Workshop |
| 13:32 | Build | Siege Workshop |
| 13:42 | Create | Villager (Male) |
| 13:42 | Create | Villager (Male) |
| 13:42 | Create | Villager (Male) |
| 13:51 | Create | Villager (Male) |
| 13:51 | Create | Villager (Male) |
| 13:52 | Create | Villager (Male) |
| 14:22 | Create | Scorpion |
| 14:26 | Create | Scorpion |
| 14:37 | Build | House |
| 14:41 | Create | Scorpion ×4 |
| 14:41 | Create | Scorpion ×4 |
| 14:54 | Create | Villager (Male) |
| 14:54 | Create | Villager (Male) |
| 14:55 | Create | Villager (Male) |
| 15:04 | Build | House |
| 15:18 | Create | Battering Ram |
| 15:18 | Create | Battering Ram |
| 15:18 | Create | Battering Ram |
| 15:48 | Build | House |
| 15:56 | Create | Villager (Male) |
| 15:57 | Create | Villager (Male) |
| 15:57 | Create | Villager (Male) |
| 16:02 | Create | Battering Ram |
| 16:03 | Create | Battering Ram |
| 16:03 | Create | Battering Ram |
| 16:10 | Create | Villager (Male) |
| 16:10 | Create | Villager (Male) |
| 16:10 | Create | Villager (Male) |
| 16:58 | Create | Battering Ram |
| 16:58 | Create | Battering Ram |
| 17:05 | Create | Scorpion |
| 17:06 | Create | Scorpion |
| 17:06 | Create | Scorpion |
| 17:06 | Create | Scorpion |
| 17:23 | Create | Scorpion |
| 17:23 | Create | Scorpion |
| 17:23 | Create | Scorpion |
| 17:40 | Build | Farm |
| 17:40 | Build | Farm |
| 17:40 | Build | Farm |
| 17:40 | Build | Farm |
| 17:41 | Build | Farm |
| 17:41 | Build | Farm |
| 17:41 | Build | Farm |
| 18:21 | Create | Villager (Male) |
| 18:22 | Create | Villager (Male) |
| 18:22 | Create | Villager (Male) |
| 18:50 | Build | Farm |
| 18:51 | Build | Farm |
| 18:51 | Build | Farm |
| 18:51 | Build | Farm |
| 18:51 | Build | Farm |
| 18:52 | Build | Farm |
| 18:52 | Build | Farm |
| 18:52 | Build | Farm |
| 19:36 | Create | Scorpion ×3 |
| 19:37 | Create | Scorpion ×3 |
| 19:37 | Create | Scorpion ×3 |
| 20:13 | Create | Villager (Male) |
| 20:13 | Create | Villager (Male) |
| 20:14 | Create | Villager (Male) |
| 20:46 | Create | Villager (Male) |
| 20:47 | Create | Villager (Male) |
| 20:47 | Create | Villager (Male) |
| 20:53 | Create | Scorpion ×5 |
| 20:54 | Create | Scorpion ×5 |
| 20:54 | Create | Scorpion ×5 |
| 21:35 | Create | Villager (Male) |
| 21:35 | Create | Villager (Male) |
| 21:35 | Create | Villager (Male) |
| 21:55 | Build | Town Center |
| 22:04 | Create | Scorpion |
| 22:04 | Create | Scorpion |
| 22:07 | Create | Villager (Male) |
| 22:07 | Create | Villager (Male) |
| 22:07 | Create | Villager (Male) |
| 22:28 | Create | Villager (Male) |
| 22:28 | Create | Villager (Male) |
| 22:49 | Research | Double-Bit Axe |
| 22:49 | Research | Double-Bit Axe |
| 23:02 | Create | Villager (Male) ×2 |
| 23:02 | Create | Villager (Male) ×2 |
| 23:02 | Create | Villager (Male) ×2 |
| 23:18 | Build | Farm |
| 23:18 | Build | Farm |
| 23:19 | Build | Farm |
| 23:19 | Build | Farm |
| 23:19 | Build | Farm |
| 23:19 | Build | Farm |
| 23:23 | Research | Horse Collar |
| 23:23 | Research | Horse Collar |
| 23:30 | Create | Villager (Male) |
| 23:31 | Create | Villager (Male) |
| 23:31 | Create | Villager (Male) |
| 23:41 | Create | Scorpion ×2 |
| 23:41 | Create | Scorpion ×2 |
| 23:42 | Create | Scorpion ×2 |
| 23:55 | Create | Villager (Male) |
Build order — Longlonglong
First 150 of 464 actions detected
| 0:07 | Build | House |
| 0:08 | Build | House |
| 0:09 | Build | House |
| 0:18 | Create | Villager (Male) |
| 0:18 | Create | Villager (Male) |
| 0:18 | Create | Villager (Male) |
| 0:24 | Create | Villager (Male) |
| 1:06 | Create | Villager (Male) |
| 1:07 | Create | Villager (Male) |
| 1:42 | Create | Villager (Male) |
| 1:43 | Create | Villager (Male) |
| 2:00 | Build | Lumber Camp |
| 2:17 | Create | Villager (Male) |
| 2:17 | Create | Villager (Male) |
| 2:59 | Create | Villager (Male) |
| 2:59 | Create | Villager (Male) |
| 3:48 | Build | Mill |
| 4:31 | Create | Villager (Male) |
| 4:32 | Create | Villager (Male) |
| 5:28 | Create | Villager (Male) |
| 5:28 | Create | Villager (Male) |
| 5:34 | Build | House |
| 6:31 | Create | Villager (Male) |
| 6:32 | Create | Villager (Male) |
| 6:32 | Create | Villager (Male) |
| 7:02 | Build | House |
| 7:03 | Build | House |
| 7:42 | Create | Villager (Male) |
| 7:43 | Create | Villager (Male) |
| 8:13 | Build | Farm |
| 8:44 | Build | Farm |
| 8:47 | Create | Villager (Male) |
| 8:47 | Create | Villager (Male) |
| 9:15 | Build | Farm |
| 9:40 | Build | Farm |
| 9:42 | Create | Villager (Male) |
| 9:43 | Create | Villager (Male) |
| 9:43 | Create | Villager (Male) |
| 9:43 | Create | Villager (Male) |
| 10:10 | Build | Mining Camp |
| 10:52 | Research | Feudal Age |
| 12:58 | Age | Feudal Age |
| 13:00 | Create | Villager (Male) |
| 13:00 | Create | Villager (Male) |
| 13:03 | Build | Market |
| 13:07 | Build | Blacksmith |
| 13:55 | Research | Castle Age |
| 14:08 | Build | House |
| 14:09 | Build | House |
| 14:09 | Build | House |
| 14:09 | Build | House |
| 14:10 | Build | House |
| 14:11 | Build | House |
| 14:11 | Build | House |
| 14:12 | Build | House |
| 15:00 | Build | House |
| 16:21 | Age | Castle Age |
| 16:24 | Build | Town Center |
| 16:27 | Build | Town Center |
| 16:29 | Create | Villager (Male) |
| 16:30 | Create | Villager (Male) |
| 16:35 | Build | House |
| 16:36 | Build | House |
| 16:37 | Build | House |
| 16:38 | Build | House |
| 16:38 | Build | House |
| 16:40 | Build | House |
| 16:46 | Research | Double-Bit Axe |
| 16:48 | Research | Horse Collar |
| 17:25 | Build | Farm |
| 17:27 | Create | Villager (Male) |
| 17:27 | Create | Villager (Male) |
| 17:47 | Create | Villager (Male) |
| 17:47 | Create | Villager (Male) |
| 17:47 | Create | Villager (Male) |
| 17:48 | Create | Villager (Male) |
| 17:48 | Create | Villager (Male) |
| 18:02 | Build | Farm |
| 18:05 | Create | Villager (Male) |
| 18:05 | Create | Villager (Male) |
| 18:21 | Build | Farm |
| 18:26 | Create | Villager (Male) |
| 18:27 | Create | Villager (Male) |
| 18:34 | Build | Farm |
| 18:38 | Build | Farm |
| 18:41 | Build | Farm |
| 18:53 | Build | Gate |
| 18:57 | Build | Farm |
| 19:02 | Build | Farm |
| 19:05 | Build | Farm |
| 19:18 | Create | Villager (Male) |
| 19:18 | Create | Villager (Male) |
| 19:18 | Create | Villager (Male) |
| 19:31 | Build | Farm |
| 19:42 | Build | Siege Workshop |
| 19:52 | Build | Gate |
| 20:00 | Build | Farm |
| 20:01 | Create | Villager (Male) |
| 20:01 | Create | Villager (Male) |
| 20:01 | Create | Villager (Male) |
| 20:01 | Create | Villager (Male) |
| 20:02 | Create | Villager (Male) |
| 20:26 | Build | Farm |
| 20:31 | Build | Farm |
| 20:35 | Build | House |
| 20:35 | Build | House |
| 20:36 | Build | House |
| 20:36 | Build | House |
| 20:37 | Build | House |
| 20:37 | Build | House |
| 20:46 | Build | Farm |
| 20:48 | Create | Villager (Male) |
| 20:49 | Create | Villager (Male) |
| 20:49 | Create | Villager (Male) |
| 20:49 | Create | Villager (Male) |
| 20:52 | Build | Farm |
| 20:59 | Create | Villager (Male) |
| 21:11 | Create | Villager (Male) |
| 21:12 | Create | Villager (Male) |
| 21:12 | Create | Villager (Male) |
| 21:22 | Build | Town Center |
| 21:24 | Create | Villager (Male) |
| 21:24 | Create | Villager (Male) |
| 21:25 | Create | Villager (Male) |
| 21:36 | Build | Farm |
| 21:40 | Build | Farm |
| 21:42 | Build | Farm |
| 21:44 | Create | Villager (Male) |
| 21:44 | Create | Villager (Male) |
| 21:45 | Create | Villager (Male) |
| 21:53 | Build | Lumber Camp |
| 22:06 | Build | House |
| 22:06 | Build | House |
| 22:07 | Build | House |
| 22:07 | Build | House |
| 22:08 | Build | House |
| 22:08 | Build | House |
| 22:13 | Create | Villager (Male) |
| 22:13 | Create | Villager (Male) |
| 22:13 | Create | Villager (Male) |
| 22:13 | Create | Villager (Male) |
| 22:44 | Build | Farm |
| 22:46 | Create | Villager (Male) |
| 22:47 | Create | Villager (Male) |
| 22:47 | Create | Villager (Male) |
| 22:47 | Create | Villager (Male) |
| 22:47 | Create | Villager (Male) |
| 22:48 | Create | Villager (Male) |
| 22:52 | Build | House |
| 22:52 | Build | House |
Build order — justdoing
First 150 of 373 actions detected
| 0:01 | Create | Villager (Male) |
| 0:02 | Create | Villager (Male) |
| 0:04 | Build | House |
| 0:05 | Build | House |
| 0:39 | Create | Villager (Male) |
| 0:39 | Create | Villager (Male) |
| 0:40 | Create | Villager (Male) |
| 1:27 | Create | Villager (Male) |
| 1:55 | Build | Lumber Camp |
| 2:04 | Create | Villager (Male) |
| 2:04 | Create | Villager (Male) |
| 2:45 | Create | Villager (Male) |
| 2:46 | Create | Villager (Male) |
| 3:13 | Create | Villager (Male) |
| 3:13 | Create | Villager (Male) |
| 3:22 | Build | House |
| 4:07 | Create | Villager (Male) |
| 4:07 | Create | Villager (Male) |
| 4:14 | Create | Villager (Male) |
| 4:14 | Create | Villager (Male) |
| 4:40 | Build | Mill |
| 4:58 | Create | Villager (Male) |
| 4:58 | Create | Villager (Male) |
| 4:59 | Create | Villager (Male) |
| 4:59 | Create | Villager (Male) |
| 5:27 | Build | Farm |
| 5:50 | Build | House |
| 6:07 | Create | Villager (Male) |
| 6:12 | Create | Villager (Male) |
| 6:12 | Create | Villager (Male) |
| 6:35 | Create | Villager (Male) |
| 6:44 | Create | Villager (Male) |
| 7:07 | Build | Farm |
| 7:19 | Create | Villager (Male) |
| 7:19 | Create | Villager (Male) |
| 7:32 | Build | Farm |
| 8:09 | Build | Mining Camp |
| 8:12 | Create | Villager (Male) |
| 8:13 | Create | Villager (Male) |
| 8:25 | Build | Farm |
| 8:42 | Build | House |
| 8:43 | Build | House |
| 9:12 | Research | Feudal Age |
| 10:19 | Build | Lumber Camp |
| 11:23 | Age | Feudal Age |
| 11:42 | Research | Castle Age |
| 13:10 | Research | Double-Bit Axe |
| 13:15 | Research | Horse Collar |
| 13:57 | Build | Barracks |
| 14:22 | Age | Castle Age |
| 14:32 | Create | Villager (Male) |
| 14:32 | Create | Villager (Male) |
| 14:38 | Build | Town Center |
| 14:55 | Build | Town Center |
| 15:11 | Build | Monastery |
| 15:21 | Create | Villager (Male) |
| 15:21 | Create | Villager (Male) |
| 15:21 | Create | Villager (Male) |
| 15:52 | Create | Villager (Male) |
| 15:52 | Create | Villager (Male) |
| 16:13 | Create | Monk |
| 16:14 | Create | Monk |
| 16:23 | Research | Loom |
| 16:29 | Research | Wheelbarrow |
| 16:37 | Build | Farm |
| 16:42 | Build | Farm |
| 16:44 | Create | Villager (Male) |
| 17:04 | Create | Villager (Male) |
| 17:13 | Build | Farm |
| 17:16 | Build | Farm |
| 17:16 | Build | Farm |
| 17:20 | Create | Villager (Male) |
| 17:48 | Create | Villager (Male) |
| 17:48 | Create | Villager (Male) |
| 17:55 | Create | Villager (Male) |
| 17:55 | Create | Villager (Male) |
| 18:00 | Build | Farm |
| 18:05 | Build | Farm |
| 18:05 | Build | Farm |
| 18:06 | Build | Farm |
| 18:10 | Create | Villager (Male) |
| 18:24 | Create | Monk |
| 18:41 | Create | Villager (Male) |
| 18:42 | Create | Villager (Male) |
| 18:46 | Create | Villager (Male) |
| 18:52 | Create | Villager (Male) |
| 18:53 | Create | Villager (Male) |
| 18:57 | Build | Farm |
| 18:58 | Build | Farm |
| 19:14 | Create | Villager (Male) |
| 19:14 | Create | Villager (Male) |
| 19:14 | Create | Villager (Male) |
| 19:32 | Create | Villager (Male) |
| 19:33 | Create | Villager (Male) |
| 19:33 | Create | Villager (Male) |
| 19:38 | Build | Farm |
| 19:45 | Build | Farm |
| 19:46 | Build | Farm |
| 19:46 | Build | Farm |
| 19:46 | Build | Farm |
| 19:50 | Create | Villager (Male) |
| 19:50 | Create | Villager (Male) |
| 20:02 | Create | Villager (Male) |
| 20:03 | Create | Villager (Male) |
| 20:06 | Build | House |
| 20:07 | Build | House |
| 20:08 | Build | House |
| 20:12 | Create | Villager (Male) |
| 20:12 | Create | Villager (Male) |
| 20:28 | Create | Villager (Male) |
| 20:28 | Create | Villager (Male) |
| 21:03 | Create | Villager (Male) |
| 21:04 | Create | Villager (Male) |
| 21:04 | Create | Villager (Male) |
| 21:05 | Create | Villager (Male) |
| 21:05 | Create | Villager (Male) |
| 21:15 | Build | Town Center |
| 21:18 | Create | Villager (Male) |
| 21:19 | Create | Villager (Male) |
| 21:19 | Create | Villager (Male) |
| 21:23 | Build | Farm |
| 21:23 | Build | Farm |
| 21:24 | Build | Farm |
| 21:28 | Build | University |
| 21:30 | Create | Villager (Male) |
| 21:31 | Create | Villager (Male) |
| 21:56 | Create | Villager (Male) |
| 21:56 | Create | Villager (Male) |
| 22:05 | Create | Villager (Male) |
| 22:08 | Create | Villager (Male) |
| 22:09 | Create | Villager (Male) |
| 22:17 | Build | Farm |
| 22:17 | Build | Farm |
| 22:18 | Build | Farm |
| 22:18 | Build | Farm |
| 22:18 | Build | Farm |
| 22:50 | Create | Villager (Male) |
| 22:50 | Create | Villager (Male) |
| 22:53 | Build | Farm |
| 22:54 | Build | Farm |
| 22:54 | Build | Farm |
| 22:56 | Create | Villager (Male) |
| 22:56 | Create | Villager (Male) |
| 22:58 | Create | Villager (Male) |
| 22:58 | Create | Villager (Male) |
| 23:06 | Build | Lumber Camp |
| 23:08 | Create | Villager (Male) |
| 23:08 | Create | Villager (Male) |
| 23:19 | Build | House |
| 23:20 | Build | House |
Match timeline
| 9:24 | 送外卖偷偷加小佐料 · age_up feudal |
| 9:32 | 蒙古铁骑 · age_up feudal |
| 10:31 | 蒙古铁骑 · first_market_sell 100 stone |
| 10:42 | 送外卖偷偷加小佐料 · first_market_sell 100 wood |
| 10:53 | 高老头子 · age_up feudal |
| 11:08 | Dynasty · age_up feudal |
| 11:19 | zack · age_up feudal |
| 11:23 | justdoing · age_up feudal |
| 12:15 | ju@mpi · age_up feudal |
| 12:58 | Longlonglong · age_up feudal |
| 13:23 | 蒙古铁骑 · age_up castle |
| 13:26 | 蒙古铁骑 · first_building Siege Workshop |
| 13:44 | 送外卖偷偷加小佐料 · age_up castle |
| 13:48 | 蒙古铁骑 · first_market_buy 100 food |
| 13:55 | ju@mpi · first_building Barracks |
| 13:57 | justdoing · first_building Barracks |
| 14:22 | justdoing · age_up castle |
| 14:47 | 送外卖偷偷加小佐料 · first_building Castle |
| 15:02 | 送外卖偷偷加小佐料 · wall_segment Stone Wall x1 |
| 15:10 | 高老头子 · age_up castle |
| 15:11 | justdoing · first_building Monastery |
| 15:14 | 高老头子 · first_building Siege Workshop |
| 15:14 | Dynasty · age_up castle |
| 15:14 | 送外卖偷偷加小佐料 · first_building Siege Workshop |
| 15:23 | zack · first_building Barracks |
| 16:04 | zack · age_up castle |
| 16:16 | 送外卖偷偷加小佐料 · first_market_buy 100 food |
| 16:21 | Longlonglong · age_up castle |
| 16:43 | Dynasty · first_building Monastery |
| 17:38 | zack · first_building Siege Workshop |
| 18:44 | ju@mpi · age_up castle |
| 19:42 | Longlonglong · first_building Siege Workshop |
| 20:09 | ju@mpi · first_building Castle |
| 21:34 | zack · wall_segment Stone Wall x1 |
| 22:36 | zack · wall_segment Stone Wall x1 |
| 22:52 | 高老头子 · first_building Castle |
| 24:11 | ju@mpi · first_building Stable |
| 25:51 | justdoing · first_building Castle |
| 25:51 | 蒙古铁骑 · first_building Barracks |
| 25:52 | zack · first_building Castle |
| 26:10 | Longlonglong · first_building Monastery |
| 26:42 | 高老头子 · first_building Barracks |
| 27:21 | Longlonglong · first_building Barracks |
| 27:35 | 送外卖偷偷加小佐料 · first_building Barracks |
| 27:39 | 送外卖偷偷加小佐料 · wall_segment Stone Wall x1 |
| 27:43 | 送外卖偷偷加小佐料 · wall_segment Stone Wall x1 |
| 27:53 | 送外卖偷偷加小佐料 · wall_segment Stone Wall x1 |
| 28:30 | justdoing · first_building Stable |
| 28:39 | Longlonglong · first_building Stable |
| 28:53 | Dynasty · first_building Castle |
| 29:00 | 高老头子 · age_up imperial |
| 29:13 | zack · wall_segment Stone Wall x19 |
| 29:26 | justdoing · age_up imperial |
| 30:00 | Dynasty · first_building Barracks |
| 30:02 | Dynasty · age_up imperial |
| 30:11 | zack · first_building Donjon |
| 30:33 | Dynasty · first_building Stable |
| 30:37 | ju@mpi · age_up imperial |
| 31:19 | zack · age_up imperial |
| 31:31 | Longlonglong · first_building Castle |
| 31:55 | Longlonglong · age_up imperial |
| 32:30 | 送外卖偷偷加小佐料 · first_building Stable |
| 32:56 | Dynasty · first_building Siege Workshop |
| 33:01 | Longlonglong · first_building Archery Range |
| 33:13 | justdoing · tribute_sent a jugador 1 |
| 33:13 | justdoing · tribute_sent a jugador 2 |
| 33:13 | justdoing · tribute_sent a jugador 3 |
| 33:13 | justdoing · tribute_sent a jugador 4 |
| 33:13 | justdoing · tribute_sent a jugador 5 |
| 33:13 | justdoing · tribute_sent a jugador 6 |
| 33:13 | justdoing · tribute_sent a jugador 7 |
| 34:06 | 送外卖偷偷加小佐料 · first_building Archery Range |
| 34:52 | Dynasty · first_market_sell 100 wood |
| 35:06 | justdoing · first_market_sell 100 food |
| 35:20 | justdoing · tribute_sent a jugador 1 |
| 35:20 | justdoing · tribute_sent a jugador 2 |
| 35:20 | justdoing · tribute_sent a jugador 3 |
| 35:20 | justdoing · tribute_sent a jugador 4 |
| 35:20 | justdoing · tribute_sent a jugador 5 |
| 35:20 | justdoing · tribute_sent a jugador 6 |
| 35:20 | justdoing · tribute_sent a jugador 7 |
| 35:39 | 送外卖偷偷加小佐料 · age_up imperial |
| 37:15 | Longlonglong · tribute_sent a jugador 1 |
| 37:15 | Longlonglong · tribute_sent a jugador 2 |
| 37:15 | Longlonglong · tribute_sent a jugador 3 |
| 37:15 | Longlonglong · tribute_sent a jugador 4 |
| 37:15 | Longlonglong · tribute_sent a jugador 5 |
| 37:15 | Longlonglong · tribute_sent a jugador 6 |
| 37:15 | Longlonglong · tribute_sent a jugador 8 |
| 37:57 | zack · first_market_buy 100 food |
| 38:20 | 蒙古铁骑 · age_up imperial |
| 39:42 | 高老头子 · resign |
| 39:48 | justdoing · tribute_sent a jugador 1 |
| 39:48 | justdoing · tribute_sent a jugador 2 |
| 39:48 | justdoing · tribute_sent a jugador 3 |
| 39:48 | justdoing · tribute_sent a jugador 4 |
| 39:48 | justdoing · tribute_sent a jugador 5 |
| 39:48 | justdoing · tribute_sent a jugador 6 |
| 39:48 | justdoing · tribute_sent a jugador 7 |
| 40:12 | justdoing · tribute_sent a jugador 1 |
| 40:12 | justdoing · tribute_sent a jugador 2 |
| 40:12 | justdoing · tribute_sent a jugador 3 |
| 40:12 | justdoing · tribute_sent a jugador 4 |
| 40:12 | justdoing · tribute_sent a jugador 5 |
| 40:12 | justdoing · tribute_sent a jugador 6 |
| 40:12 | justdoing · tribute_sent a jugador 7 |
| 41:41 | 蒙古铁骑 · first_building Castle |
| 42:15 | ju@mpi · first_market_sell 500 stone |
[ AI ANALYSIS · 1 CREDIT ]
What really happened in this match?
Wolo.gg analyzes every decision: build order, eco, micro, common mistakes by bracket. Personalized analysis on WhatsApp or Discord in 30 seconds.
Civ guide
Sicilians
Map guide
Arena
Perfil
zack